 Dungeon Crawl Stone Soup version 0.20.1-1-g8b1a95d (webtiles) character file.

273 MJtheKandyman the Ruffian (level 6, 58/58 (59) HPs)
             Began as a Troll Monk on Dec 28, 2017.
             Quit the game on level 4 of the Dungeon.
             The game lasted 00:06:24 (2197 turns).

MJtheKandyman the Ruffian (Troll Monk)              Turns: 2197, Time: 00:06:25

HP:   58/58 (59)    AC:  5    Str: 20    XL:     6   Next: 2%
MP:   5/5           EV: 10    Int:  6    God:
Gold: 151           SH:  0    Dex: 14    Spells: 5/5 levels left

rFire    . . .     SeeInvis .     - Unarmed
rCold    . . .     Gourm    +   (no shield)
rNeg     . . .     Faith    .   a - +0 robe
rPois    .         Spirit   .   (helmet restricted)
rElec    .         Reflect  .   (no cloak)
rCorr    .         Harm     .   (gloves unavailable)
MR       .....                  (boots unavailable)
Stlth    ++........             (no amulet)
Regen    0.6/turn               (no ring)
MPRegen  0.1/turn               (no ring)

@: no status effects
A: unfitting armour, claws 3, fast metabolism 3, gourmand, regeneration 1,
shaggy fur 1, tough skin 2
a: no special abilities


You were on level 4 of the Dungeon.
You were not hungry.

You visited 1 branch of the dungeon, and saw 4 of its levels.

You collected 151 gold pieces.

Inventory:

Hand Weapons
 r - a +0 mace
Armour
 a - a +0 robe (worn)
Jewellery
 e - a cursed -4 ring of strength {unknown}
 q - an uncursed ring of protection from fire {unknown}
Wands
 t - a wand of disintegration (11/24)
 u - a wand of lightning (11/15)
Scrolls
 d - 3 scrolls of recharging {unknown}
 f - 9 scrolls of identify {unknown}
 g - a scroll of noise {unknown}
 l - a scroll of fog {unknown}
 m - 2 scrolls of fear {unknown}
 n - a scroll of immolation {unknown}
 o - 4 scrolls of remove curse {unknown}
 p - 2 scrolls of magic mapping {unknown}
Potions
 c - a potion of resistance {unknown}
 h - a potion of haste {unknown}
 i - 2 potions of mutation {unknown}
 j - a potion of curing {unknown}
 k - a potion of heal wounds {unknown}
 v - a potion of ambrosia {unknown}
Comestibles
 b - 4 bread rations
 s - 2 fruits


   Skills:
 - Level 2.4 Fighting
 - Level 2.4 Dodging
 - Level 1.0 Stealth
 + Level 6.8 Unarmed Combat


You had 5 spell levels left.
You didn't know any spells.

Dungeon Overview and Level Annotations

Branches:
Dungeon (4/15)
 Temple: D:4-7

Altars:
Hepliaklqana
Makhleb
Ru
Zin

Annotations:
D:3 Robin


Innate Abilities, Weirdness & Mutations

You are too large for most types of armour.
You have claws for hands.
Your metabolism is lightning-fast.
You like to eat raw meat.
Your natural rate of healing is unusually fast.
You are covered in fur. (AC +1)
You have very tough skin. (AC +2)


Message History

You are feeling very hungry.
You see here a trident.
Things that are here:
a club; a ring mail; an orc corpse You butcher the orc corpse.
w - 3 chunks of flesh
Things that are here:
a club; a ring mail Eat one of 3 chunks of flesh? (ye/n/q)
You eat one of the 3 chunks of flesh.
This raw flesh tastes great.
Eat one of 2 chunks of flesh? (ye/n/q)
You eat one of the 2 chunks of flesh.
This raw flesh tastes great.
Eat a chunk of flesh? (ye/n/q)
You eat the chunk of flesh.
This raw flesh tastes great.
Okay, then.
Things that are here:
a hand axe; a ring mail; an orc corpse Welcome back, MJtheKandyman the Troll Monk.
Press ? for a list of commands and other information.
Are you sure you want to abandon this character and quit the game? (Confirm with "yes".)

##....##.# #........#.#
##....##.# #........#.#
##.....#.#####..........
##...#.#.##...........#
....#....##...........#
####.....##.........# #
#.....##...".)...#
####.....##.....[%..#
...^....>##.....@...#
###################.#
....................#
#####################
######## .....(.#
######.# #.# #.#


There were no monsters in sight!

Vanquished Creatures
  A necrophage (D:4)
  A hound (D:4)
  An iguana (D:3)
  6 adders
  An ooze (D:2)
  5 worms (D:2)
  4 dart slugs
  3 leopard geckos
  4 orcs (D:4)
  3 bats
  A giant cockroach (D:2)
  5 goblins
  2 hobgoblins
  2 jackals (D:3)
  A frilled lizard (D:2)
  6 kobolds
  5 rats
51 creatures vanquished.

Notes
Turn   | Place    | Note
-------+----------+-------------------------------------------
     0 | D:1      | MJtheKandyman the Troll Monk began the quest for the Orb.
     0 | D:1      | Reached XP level 1. HP: 22/22 MP: 0/0
   200 | D:1      | Reached XP level 2. HP: 29/29 MP: 1/1
   671 | D:2      | Reached skill level 4 in Unarmed Combat
   678 | D:2      | Reached XP level 3. HP: 12/36 MP: 2/2
   919 | D:2      | Reached XP level 4. HP: 42/44 MP: 3/3
   955 | D:2      | Reached skill level 5 in Unarmed Combat
  1206 | D:3      | Noticed Robin
  1207 | D:3      | Found a glowing silver altar of Zin.
  1233 | D:3      | Found a burning altar of Makhleb.
  1275 | D:3      | Found a hazy altar of Hepliaklqana.
  1746 | D:3      | Reached XP level 5. HP: 10/50 MP: 4/4
  2040 | D:4      | Found a sacrificial altar of Ru.
  2048 | D:4      | Reached skill level 6 in Unarmed Combat
  2076 | D:4      | Noticed a necrophage
  2083 | D:4      | Killed a necrophage
  2181 | D:4      | Reached XP level 6. HP: 55/58 MP: 5/5
  2197 | D:4      | Quit the game

Skill      XL: |  1  2  3  4  5 |
---------------+----------------+-----
Unarmed Combat | 4 5 6 |  6.8
Fighting       | |  2.4
Dodging        | |  2.4
Stealth        | |  1.0

Action                   |  1- 3 |  4- 6 || total
-------------------------+-------+-------++-------
Melee: Unarmed           |    62 |    74 ||   136
       Punch             |     3 |     3 ||     6
 Stab: Sleeping          |     1 |     1 ||     2
  Eat: Meat ration       |     1 |       ||     1
       Chunk             |     4 |    10 ||    14
Armor: Robe              |    18 |    17 ||    35
Dodge: Dodged            |    25 |    33 ||    58
